 Dungeon Crawl Stone Soup version 0.30-a0-637-gacddeb6d44 (webtiles) character file.

Game seed: 6961724128817118711

84 Leeroy the Slasher (level 4, -2/26 HPs)
             Began as a Tengu Warper on Jan 15, 2023.
             Slain by a gnoll
             ... wielding a +0 spear
              (5 damage)
             ... on level 3 of the Dungeon.
             The game lasted 00:02:50 (2091 turns).

Leeroy the Slasher (Tengu Warper)                   Turns: 2091, Time: 00:02:50

Health: -2/26      AC:  3    Str: 11    XL:     4   Next: 46%
Magic:  8/8        EV: 12    Int: 14    God:
Gold:   141        SH:  0    Dex: 15    Spells: 2/7 levels left

rFire   . . .      SeeInvis .    a - +0 falchion
rCold   . . .      Faith    .    (no shield)
rNeg    . . .      Spirit   .    b - +0 leather armour
rPois   .          Reflect  .    (helmet restricted)
rElec   .          Harm     .    (no cloak)
rCorr   .          Rampage  .    (no gloves)
Will    .....                    (boots unavailable)
Stlth   +                        (no amulet)
HPRegen 0.24/turn                (no ring)
MPRegen 0.11/turn                (no ring)

@: no status effects
A: beak, talons 3
a: no special abilities


You were on level 3 of the Dungeon.
You visited 1 branch of the dungeon, and saw 3 of its levels.

You collected 141 gold pieces.

Inventory:

Hand Weapons
 a - a +0 falchion (weapon)
Missiles
 d - 7 boomerangs of dispersal (quivered)
 h - 5 poisoned darts
Armour
 b - a +0 leather armour (worn)
Scrolls
 c - a scroll of blinking
 e - 4 scrolls of teleportation {unknown}
 f - 2 scrolls of amnesia {unknown}
 m - a scroll of vulnerability {unknown}
 p - a scroll of fog {unknown}
 q - a scroll of magic mapping {unknown}
 r - a scroll of identify {unknown}
Potions
 g - a potion of lignification {unknown}
 i - a potion of curing {unknown}
 j - 3 potions of magic {unknown}
 k - a potion of mutation {unknown}
 l - a potion of flight {unknown}
 n - a potion of brilliance {unknown}
 o - a potion of ambrosia {unknown}


   Skills:
 - Level 2.0 Fighting
 + Level 5.0 Long Blades
 - Level 1.0 Throwing
 - Level 1.1 Armour
 - Level 2.1 Dodging
 - Level 2.0 Spellcasting
 - Level 2.4 Translocations


You had 2 spell levels left.
You knew the following spells:

 Your Spells              Type           Power      Damage    Failure   Level
a - Blink                 Tloc           16%        N/A       19%         2
b - Vhi's Electric Charg  Tloc/Air       8%         N/A       50%         3

Your spell library contained the following spells:

 Spells                   Type           Power      Damage    Failure   Level
 Gell's Gravitas          Tloc           8%         N/A       34%         3
 Lesser Beckoning         Tloc           16%        N/A       34%         3
 Teleport Other           Tloc           8%         N/A       34%         3
 Manifold Assault         Tloc           8%         N/A       75%         4
 Dispersal                Tloc           4%         N/A       100%        6


Dungeon Overview and Level Annotations

Branches:
Dungeon (3/15)

Altars:


Innate Abilities, Weirdness & Mutations

You have a beak for a mouth.
You have claws for feet.


Message History

A gnoll comes into view. It is wielding a +0 halberd.
A gnoll comes into view. It is wielding a +0 spear.
You see here a +0 trident.
A gnoll comes into view. It is wielding a +0 club.
You see here a +0 falchion.
You slash the goblin!
You kill the goblin!
Things that are here:
a +0 dagger; 6 gold pieces You hit the gnoll.
You claw the gnoll. You peck the gnoll.
You kill the gnoll!
The gnoll misses you.
Your Long Blades skill increases to level 5!
You hit the gnoll. Your peck misses the gnoll.
The gnoll is heavily wounded.
The gnoll closely misses you. The gnoll barely misses you.
You barely miss the gnoll. Your kick misses the gnoll.
The gnoll is heavily wounded.
The gnoll hits you from afar with a +0 spear.
The gnoll closely misses you.
You hit the gnoll. You claw the gnoll, but do no damage.
The gnoll is almost dead.
The gnoll closely misses you. The gnoll hits you with a +0 club.
You closely miss the gnoll. You claw the gnoll.
The gnoll is almost dead.
The gnoll closely misses you. The gnoll hits you with a +0 club!
You are too injured to fight recklessly!
You are too injured to fight recklessly!
You are too injured to fight recklessly!
You are too injured to fight recklessly!
You barely miss the gnoll.
The gnoll is almost dead.
The gnoll hits you from afar with a +0 spear.
The gnoll hits you with a +0 club.
* * * LOW HITPOINT WARNING * * *
You see here a +0 falchion.
You barely miss the gnoll. Your kick misses the gnoll.
The gnoll is almost dead.
The gnoll hits you from afar with a +0 spear.
You die...

### ..# .
#############.## # ..
#......##...#..# # ...
#......##...#..#####
....##......##......#....
....|.......##......#.##.
......g)....##........###
.......g@)...........>...
#.....##...###...#.....<#
###.# ###.# ###......#..
.. #.# #.##.##### . #.#
#.#..# ..# #...###### ###
#......... #....†....
...........


You could see 2 gnolls.

Vanquished Creatures
  A gnoll (D:3)
  An adder (D:2)
  An orc (D:3)
  13 ball pythons
  5 bats
  4 endoplasms
  7 giant cockroaches
  10 goblins
  5 hobgoblins
  A frilled lizard (D:2)
  5 kobolds
  7 rats
60 creatures vanquished.

Notes
Turn   | Place    | Note
-------+----------+-------------------------------------------
     0 | D:1      | Leeroy the Tengu Warper began the quest for the Orb.
     0 | D:1      | Reached XP level 1. HP: 12/12 MP: 4/4
   203 | D:1      | Reached XP level 2. HP: 17/17 MP: 6/6
   208 | D:1      | Reached skill level 3 in Long Blades
   212 | D:1      | Learned a level 2 spell: Blink
   473 | D:1      | Reached XP level 3. HP: 19/21 MP: 7/7
   993 | D:2      | Reached skill level 4 in Long Blades
  1086 | D:2      | Learned a level 3 spell: Vhi's Electric Charge
  1528 | D:2      | Reached XP level 4. HP: 15/26 MP: 8/8
  2085 | D:3      | Reached skill level 5 in Long Blades
  2091 | D:3      | Slain by a gnoll

Illustrated notes

Levels and vault maps discovered:
D:1:      kennysheep_arrival_seaside, layout_basic, serial_curves,
          eino_curves_03, eino_curves_01, eino_curves_02, eino_curves_02
D:2:      cheibrodos_greedy_goblins, layout_basic, columned_hall_lemuel,
          grunt_ministairs_15
D:3:      layout_basic, nicolae_dithmenos_through_a_glass_darkly,
          kiku_gazebo_garden_becter, gup_sewer_entry_bubbles

Skill      XL: |  1  2  3  4 |
---------------+-------------+-----
Long Blades    | 3 4 5 |  5.0
Fighting       | |  2.0
Throwing       | |  1.0
Armour         | |  1.1
Dodging        | |  2.1
Spellcasting   | |  2.0
Translocations | |  2.4

Action                   |  1- 3 |  4- 6 || total
-------------------------+-------+-------++-------
Melee: Falchion          |   111 |    22 ||   133
       Kick              |    22 |     5 ||    27
       Peck              |     7 |     1 ||     8
 Stab: Sleeping          |     2 |       ||     2
Armor: Leather armour    |    33 |     2 ||    35
Dodge: Dodged            |    64 |    12 ||    76

Table legend: (Time is in decaauts)
 A = Elapsed time spent in this place.
 B = Non-inter-level travel time spent in this place.
 C = Inter-level travel time spent in this place.
 D = Time resting spent in this place.
 E = Time spent auto-exploring this place.
 F = Levels seen in this place.
 G = Mean time per level.
                   A        B        C        D        E       F      G
               +--------+--------+--------+--------+--------+-----+--------+
         Total |   2105 |   2069 |     36 |      3 |   1688 |   3 |  701.7 |
       Dungeon |   2105 |   2069 |     36 |      3 |   1688 |   3 |  701.7 |
               +--------+--------+--------+--------+--------+-----+--------+

Top non-repeatable levels by time:
     D:2: 1020 daAuts
     D:1: 967 daAuts
     D:3: 117 daAuts
